 Dungeon Crawl Stone Soup version 0.31-a0-229-g1fc7ce93e2 (webtiles) character file.

Game seed: 17563213229042328128

10325 Pooter the Cleaver (level 11, -1/150 HPs)
             Began as a Minotaur Berserker on July 5, 2023.
             Was an Elder of Trog.
             Slain by a seven-headed hydra (8 damage)
             ... on level 10 of the Dungeon on July 7, 2023.
             The game lasted 00:54:52 (10958 turns).

Pooter the Cleaver (Minotaur Berserker)            Turns: 10958, Time: 00:54:53

Health: -1/150     AC: 17    Str: 25    XL:     11   Next: 34%
Magic:  10/10      EV:  4    Int: 10    God:    Trog [****..]
Gold:   620        SH:  9    Dex: 11    Spells: 10/10 levels left

rFire   . . .        H - +7 spear (freeze)
rCold   + . .        v - +0 tower shield
rNeg    + . .        S - +0 plate armour
rPois   .            (helmet restricted)
rElec   .            x - +1 cloak {Will+}
rCorr   .            G - +0 pair of gloves
SInv    .            s - +2 pair of boots {Stlth+}
Will    +....        g - amulet of regeneration Stlth
                     I - ring of Poiga {Fly rC+ rN+ Int+6}
HPRegen 1.25/turn    p - +4 ring of slaying
MPRegen 0.12/turn

%: no passive effects
@: berserking, flying, slowed
A: horns 2, retaliatory headbutt
a: Renounce Religion, Berserk, Trog's Hand, Brothers in Arms


You were on level 10 of the Dungeon.
You worshipped Trog.
Trog was greatly pleased with you.
You visited 1 branch of the dungeon, and saw 10 of its levels.
You also visited: Bailey.

You collected 620 gold pieces.

Inventory:

Hand Weapons
 a - the +8 hand axe "Utiast" {heavy, Stlth+}
   (You took it off an orc warrior on level 9 of the Dungeon)

   Stlth:     It makes you more stealthy.
 b - a +1 sling of flaming
   (You found it in a bailey)
 h - a +3 long sword of holy wrath
   (You took it off Maggie on level 7 of the Dungeon)
 i - a +5 battleaxe
   (You took it off a wight on level 9 of the Dungeon)
 D - a +0 orcbow
   (You found it on level 5 of the Dungeon)
 E - a +3 dire flail of holy wrath
   (You took it off Edmund on level 5 of the Dungeon)
 H - a +7 spear of freezing (weapon)
   (You took it off Robin on level 3 of the Dungeon)
 J - a +2 war axe of venom
   (You found it on level 6 of the Dungeon)
 P - a +0 broad axe
   (You took it off an orc warrior in a bailey)
Missiles
 q - a boomerang
 K - 20 poisoned darts (quivered)
 Q - 71 stones
Armour
 m - +0 swamp dragon scales
   (You took it off Maggie on level 7 of the Dungeon)
 s - a +2 pair of boots of stealth (worn)
   (You found it on level 3 of the Dungeon)
 v - a +0 tower shield (worn)
   (You found it on level 2 of the Dungeon)
 x - a +1 cloak of willpower (worn)
   (You took it off Crazy Yiuf on level 3 of the Dungeon)
 G - a +0 pair of gloves (worn)
   (You found it on level 5 of the Dungeon)
 S - a +0 plate armour (worn)
   (You took it off an orc warrior on level 9 of the Dungeon)
Jewellery
 d - a ring of willpower
   (You took it off an orc wizard on level 8 of the Dungeon)
 g - an amulet of regeneration (around neck)
   (You found it on level 1 of the Dungeon)
 p - a +4 ring of slaying (right hand)
   (You found it on level 2 of the Dungeon)
 u - a +5 ring of evasion
   (You found it on level 2 of the Dungeon)
 C - a ring of resist corrosion
   (You found it on level 8 of the Dungeon)
 F - a ring of protection from fire
   (You found it on level 4 of the Dungeon)
 I - the ring of Poiga (left hand) {Fly rC+ rN+ Int+6}
   (You acquired it in a bailey)

   [ring of intelligence]

   Int:       It affects your intelligence (+6).
   rC:        It protects you from cold.
   rN:        It protects you from negative energy.
   Fly:       It grants you flight.
 R - a +6 ring of dexterity
   (You found it on level 6 of the Dungeon)
Wands
 f - a wand of flame (5)
   (You took it off Ijyb on level 3 of the Dungeon)
Scrolls
 c - 2 scrolls of noise {!r}
 n - 3 scrolls of poison {!r}
 o - a scroll of fog
 t - 5 scrolls of teleportation {@r4}
 y - 3 scrolls of vulnerability {!r}
 O - a scroll of blinking
Potions
 e - 2 potions of attraction {!q}
 k - a potion of enlightenment {unknown}
 l - 3 potions of curing {@q1}
 r - 4 potions of lignification {!q}
 w - a potion of cancellation {unknown}
 z - a potion of degeneration {unknown}
 A - a potion of invisibility {unknown}
 B - 3 potions of heal wounds {@q2}
 M - a potion of haste {unknown}
 N - a potion of might {unknown}
Miscellaneous
 j - a phantom mirror
   (You found it on level 9 of the Dungeon)
 L - a piece from Xom's chessboard (15/15)
   (You found it on level 8 of the Dungeon)


   Skills:
 + Level 10.2 Fighting
 * Level 13.9 Axes
 * Level 11.8 Ranged Weapons
 - Level 2.4 Armour
 - Level 2.1 Dodging
 - Level 2.6 Stealth
 + Level 1.3 Evocations


You had 10 spell levels left.
You didn't know any spells.
Your spell library was empty.

Dungeon Overview and Level Annotations

Branches:
Dungeon (10/15) Zot: 26882  Temple (0/1) D:5            Lair (0/5) D:9
 Bailey (visited)
    Orc: D:9-12

Altars:
Cheibriados
Fedhas
Hepliaklqana
Kikubaaqudgha
Okawaru
Qazlal
Trog
Uskayaw


Innate Abilities, Weirdness & Mutations

You have a pair of horns on your head.
You reflexively headbutt those who attack you in melee.


Message History

A seven-headed hydra comes into view.
An acid dragon comes into view.
Found a ring mail.
The seven-headed hydra roars!
The acid dragon roars!
The wraith hits you! The wraith drains your vigour!
You feel yourself slow down.
You slice the wraith!! The wraith hits you but does no damage.
The wraith hits you. The wraith drains your vigour!
You feel as though you will be slow longer.
The acid dragon spits acid at you. The splash of acid hits you!
You slash the wraith!
You destroy the wraith!
Trog accepts your kill.
Your +7 spear of freezing glows with a cold blue light!
H - a +7 spear of freezing (weapon)
The seven-headed hydra bites you! The seven-headed hydra bites you. x2
You block the seven-headed hydra's attack.
The seven-headed hydra bites you but does no damage.
The seven-headed hydra bites you. x2
* * * LOW HITPOINT WARNING * * *
A red film seems to cover your vision as you go berserk!
You feel yourself moving faster!
You feel mighty!
The seven-headed hydra bites you but does no damage. x3
The seven-headed hydra bites you.
* * * LOW HITPOINT WARNING * * *
The seven-headed hydra bites you but does no damage.
You block the seven-headed hydra's attack.
The seven-headed hydra bites you!
* * * LOW HITPOINT WARNING * * *
You puncture the seven-headed hydra!
The seven-headed hydra seems to slow down.
You freeze the seven-headed hydra. The acid dragon spits acid at you.
The splash of acid hits you!!!
* * * LOW HITPOINT WARNING * * *
The seven-headed hydra bites you but does no damage.
You block the seven-headed hydra's attack.
The seven-headed hydra bites you.
* * * LOW HITPOINT WARNING * * *
The seven-headed hydra bites you.
* * * LOW HITPOINT WARNING * * *
The seven-headed hydra bites you but does no damage. x2
The seven-headed hydra bites you!
* * * LOW HITPOINT WARNING * * *
You puncture the seven-headed hydra! You freeze the seven-headed hydra.
You headbutt the seven-headed hydra! The acid dragon spits acid at you.
You block the splash of acid. The seven-headed hydra bites you!
You die...

##.###..##.......<....# .......
##.###.###...........######.....#
....##.# #.................
....#..# ...........##..###
......## .#......##.# ..##
..........#....####.##...#
....#.#........####......#
....#.#.##.....#..†?.......
......# ##.<...D@.........#
...#+## #.....D.#........# ..#
[................. .#
.#................
#.....##.......<. .......
#......... ....... .........
....$.. .......


You could see a seven-headed hydra (slow) and an acid dragon (catching breath).

Vanquished Creatures
  An oklob plant (D:9)
  Joseph (D:8)
  Maggie (D:7)
  2 kobold demonologists (Bailey)
  The ghost of coffeetime the Magician, a novice DjAE of Hepliaklqana (D:5)
  2 unseen horror zombies (D:9)
  A troll (D:9)
  A hornet (D:9)
  Grinder (D:5)
  Sigmund (D:3)
  2 wraiths (D:10)
  Menkaure (D:5)
  Edmund (D:5)
  3 swamp worms (D:8)
  2 wargs (D:9)
  3 water moccasins
  A sky beast (D:6)
  15 orc warriors
  A black bear (D:4)
  2 ogres
  2 centaurs
  2 phantoms (D:6)
  3 kobold brigands
  10 bullfrogs
  2 gnoll sergeants (D:8)
  A scorpion (D:5)
  20 wights
  6 killer bees
  4 howler monkeys
  4 electric eels (Bailey)
  2 centaur zombies (D:9)
  4 hounds
  Crazy Yiuf (D:3)
  8 orc priests
  A gnoll bouda (D:3)
  7 orc wizards
  A sleepcap (D:8)
  Ijyb (D:3)
  4 iguanas
  A howler monkey zombie (D:9)
  Robin (D:3)
  3 adders
  22 gnolls
  3 white imps (D:5)
  An ufetubus (D:6)
  2 worms (D:4)
  3 dart slugs
  27 orcs
  9 ball pythons
  3 bats
  11 endoplasms
  6 giant cockroaches
  24 goblins
  10 hobgoblins
  3 quokkas
  8 frilled lizards
  10 kobolds
  7 rats
280 creatures vanquished.

Notes
Turn   | Place    | Note
-------+----------+-------------------------------------------
     0 | D:1      | Pooter the Minotaur Berserker began the quest for the Orb.
     0 | D:1      | Reached XP level 1. HP: 19/19 MP: 0/0
    66 | D:1      | Reached XP level 2. HP: 23/27 MP: 1/1
   111 | D:1      | Reached skill level 4 in Axes
   161 | D:1      | Reached skill level 1 in Stealth
   528 | D:1      | Found a faded altar of an unknown god.
   876 | D:2      | Reached XP level 3. HP: 31/33 MP: 2/2
   971 | D:2      | Reached ** piety under Trog
  1258 | D:2      | Reached XP level 4. HP: 40/40 MP: 3/3
  1584 | D:3      | Found a hazy altar of Hepliaklqana.
  1751 | D:3      | Reached skill level 5 in Axes
  1848 | D:3      | Noticed Robin
  1855 | D:3      | Reached XP level 5. HP: 47/47 MP: 4/4
  1858 | D:3      | Killed Robin
  2067 | D:3      | Noticed Sigmund
  2076 | D:3      | Killed Sigmund
  2077 | D:3      | Reached skill level 6 in Axes
  2077 | D:3      | Reached XP level 6. HP: 54/55 MP: 5/5
  2266 | D:3      | Noticed Ijyb
  2270 | D:3      | Killed Ijyb
  2356 | D:3      | Reached skill level 5 in Fighting
  2418 | D:3      | Found a runed translucent door.
  2419 | D:3      | Noticed Crazy Yiuf
  2571 | D:3      | Killed Crazy Yiuf
  2803 | D:4      | Reached XP level 7. HP: 54/61 MP: 6/6
  3031 | D:4      | Reached *** piety under Trog
  3058 | D:4      | Found a stormy altar of Qazlal.
  3251 | D:4      | Found a snail-covered altar of Cheibriados.
  3436 | D:4      | Reached skill level 7 in Axes
  3471 | D:5      | Entered Level 5 of the Dungeon
  3824 | D:5      | Noticed Grinder
  3839 | D:5      | Killed Grinder
  3840 | D:5      | Reached skill level 5 in Ranged Weapons
  3858 | D:5      | Reached skill level 8 in Axes
  3858 | D:5      | Reached XP level 8. HP: 70/70 MP: 7/7
  3881 | D:5      | Noticed Menkaure
  3929 | D:5      | Noticed Edmund
  3938 | D:5      | Killed Edmund
  3945 | D:5      | Killed Menkaure
  4061 | D:5      | Found a runed translucent door.
  4061 | D:5      | Noticed coffeetime's ghost (novice DjAE)
  4162 | D:5      | Found a staircase to the Ecumenical Temple.
  4436 | D:5      | Killed coffeetime's ghost
  4437 | D:5      | Reached skill level 9 in Axes
  4855 | D:6      | Reached XP level 9. HP: 79/79 MP: 8/8
  5214 | D:6      | Reached skill level 10 in Axes
  5219 | D:6      | Identified the +0 robe "Byohuded" {+Blink rPois rC- Regen+}
  5344 | D:6      | Found a faded altar of an unknown god.
  5344 | D:6      | Found an iron altar of Okawaru.
  5352 | D:6      | Found a faded altar of an unknown god.
  5354 | D:6      | Found a hide-covered altar of Uskayaw.
  5356 | D:6      | Found an ancient bone altar of Kikubaaqudgha.
  5803 | D:7      | Found a bloodstained altar of Trog.
  5860 | D:7      | Upgraded the game from 0.31-a0-222-gefeffbb62a to
                  | 0.31-a0-229-g1fc7ce93e2
  5968 | D:7      | Noticed Maggie
  5974 | D:7      | Killed Maggie
  5975 | D:7      | Reached skill level 11 in Axes
  6455 | D:8      | Reached XP level 10. HP: 90/90 MP: 9/9
  6883 | D:8      | Noticed Joseph
  6896 | D:8      | Killed Joseph
  6897 | D:8      | Reached skill level 12 in Axes
  7116 | D:8      | Reached skill level 10 in Ranged Weapons
  7430 | D:8      | Reached **** piety under Trog
  7470 | D:9      | Found a flagged portal.
  7476 | Bailey   | Entered a bailey
  8670 | Bailey   | Acquired the ring of Poiga {Fly rC+ rN+ Int+6}
  8900 | Bailey   | Found an iron altar of Okawaru.
  8912 | Bailey   | Noticed a sun demon
  8970 | Bailey   | Identified the +3 scale mail of Lies {Int+3}
  9306 | Bailey   | Reached skill level 13 in Axes
  9642 | D:9      | Reached XP level 11. HP: 82/99 MP: 10/10
  9672 | D:9      | Found a staircase to the Lair.
  9859 | D:9      | Reached skill level 10 in Fighting
 10025 | D:9      | Found a blossoming altar of Fedhas.
 10056 | D:9      | Noticed an oklob plant
 10073 | D:9      | Killed an oklob plant
 10280 | D:9      | Identified the +8 hand axe "Utiast" {heavy, Stlth+}
 10285 | D:9      | Reached skill level 1 in Evocations
 10847 | D:10     | Entered Level 10 of the Dungeon
 10951 | D:10     | Noticed a seven-headed hydra
 10957 | D:10     | HP: 6/150 [seven-headed hydra (7)]
 10958 | D:10     | Slain by a seven-headed hydra

Illustrated notes

Levels and vault maps discovered:
D:1:      roderic_crop_circles_arrival_large, layout_basic,
          shapermc_ecumenical_altar_flowoftime
D:2:      kennysheep_the_goblin_king, layout_basic, serial_glass,
          glass_columns_a, glass_columns_a, minmay_split_cup_large
D:3:      layout_basic, mainiacjoe_overflow_catwalk, st_stairs_9,
          minmay_distorted, uniq_ijyb, uniq_crazy_yiuf_cottage, uniq_robin,
          uniq_sigmund
D:4:      layout_loops_ring, lemuel_tele_altar, nicolae_qazlal_eye_of_the_storm
D:5:      layout_loops_corners, minmay_temple_entry_antechambers,
          gammafunk_ghost_grave, kennysheep_nub, grunt_decor_one_mirror,
          uniq_menkaure, uniq_edmund, uniq_grinder
D:6:      layout_basic, chequers_temple_overflow_minitemple
D:7:      layout_loops_cross, trog_three_pillars_becter, uniq_maggie
D:8:      nicolae_cairo_tiling_very_big, layout_gridville, worms_lemuel,
          uniq_joseph
D:9:      layout_loops_corners, tgw_fedhas, erik_lair_orcish_takeover,
          serial_undead, serial_undead_d, serial_undead_f, serial_undead_e,
          serial_undead_d, serial_undead_c, enter_bailey_2, wad_rectangle_vault
D:10:     layout_rooms, grunt_ministairs_15

Skill      XL: |  1  2  3  4  5  6  7  8  9 10 11 |
---------------+----------------------------------+-----
Axes           | 4 5 6 8 9 11 13 | 13.9
Stealth        | 1 2 |  2.6
Fighting       | 4 5 6 7 8 9 10 | 10.2
Ranged Weapons | 2 3 5 7 9 11 | 11.8
Evocations     | 1 |  1.3
Armour         | |  2.4
Dodging        | |  2.1

Action                     |  1- 3 |  4- 6 |  7- 9 | 10-12 || total
---------------------------+-------+-------+-------+-------++-------
  Melee: Hand axe          |    82 |    36 |       |    67 ||   185
         Headbutt          |    12 |     5 |    23 |    63 ||   103
         Punch             |     1 |       |       |       ||     1
         Spear             |       |    28 |    89 |     2 ||   119
         Dire flail        |       |       |     2 |       ||     2
         War axe           |       |       |    50 |    67 ||   117
         Broad axe         |       |       |       |    90 ||    90
   Fire: Sling             |       |    15 |    71 |    69 ||   155
  Throw: Stone             |       |     3 |     7 |    10 ||    20
 Invoke: Berserk           |       |     4 |     4 |    15 ||    23
         Trog's Hand       |       |     4 |     4 |    10 ||    18
  Evoke: Wand              |       |       |     2 |     6 ||     8
    Use: Scroll            |     3 |     1 |     3 |    13 ||    20
   Stab: Sleeping          |     5 |     1 |       |       ||     6
 Armour: Animal skin       |    15 |       |       |       ||    15
         Scale mail        |     8 |    22 |    29 |       ||    59
         Chain mail        |       |       |    23 |    77 ||   100
         Plate armour      |       |       |       |    14 ||    14
  Dodge: Dodged            |    59 |    28 |    64 |    47 ||   198
  Block: Tower shield      |     2 |    41 |    65 |    92 ||   200

Table legend: (Time is in decaauts)
 A = Elapsed time spent in this place.
 B = Non-inter-level travel time spent in this place.
 C = Inter-level travel time spent in this place.
 D = Time resting spent in this place.
 E = Time spent auto-exploring this place.
 F = Levels seen in this place.
 G = Mean time per level.
                   A        B        C        D        E       F      G
               +--------+--------+--------+--------+--------+-----+--------+
         Total |  11351 |  11037 |    314 |   3022 |   5798 |  11 | 1031.9 |
       Dungeon |   9320 |   9006 |    314 |   1522 |   5639 |  10 |  932.0 |
        Bailey |   2031 |   2031 |      0 |   1499 |    159 |   1 | 2031.0 |
               +--------+--------+--------+--------+--------+-----+--------+

Top non-repeatable levels by time:
  Bailey: 2031 daAuts
     D:9: 1493 daAuts
     D:3: 1286 daAuts
     D:5: 1180 daAuts
     D:8: 1063 daAuts
     D:7: 1008 daAuts
     D:6: 897 daAuts
     D:1: 875 daAuts
     D:4: 701 daAuts
     D:2: 696 daAuts
    D:10: 116 daAuts
